[Event "FIDE WSTC-50-65 2022"]
[Site "Acqui Terme"]
[Date "2022.06.24"]
[Round "5.10"]
[White "Boudre, Jean-Pierre"]
[Black "Littlewood, Paul E"]
[Result "1/2-1/2"]
[ECO "B30"]
[WhiteElo "2265"]
[BlackElo "2347"]
[Annotator "TA"]
[PlyCount "101"]
[EventDate "2022.06.20"]
[EventType "team-tourn"]
[EventCountry "ITA"]
[SourceTitle "playchess.com"]
[Source "ChessBase"]
[SourceQuality "1"]
[TimeControl "40/5400+30:1800+30"]

1. e4 c5 2. Nf3 Nc6 3. Bb5 e6 4. Bxc6 bxc6 5. O-O Ne7 6. b3 Ng6 7. Bb2 f6 8. e5 Be7 9. d3 O-O 10. Nbd2 fxe5 {[%emt 0:04:30] B30: Sicilian: 2...Nc6 3 Bb5, lines without ...g6.} 11. Nxe5 Nxe5 12. Bxe5 d6 13. Bg3 e5 14. Qe2 Bg5 15. Rae1 {[%emt 0:07:30] [#]} Bf5 $146 ({Predecessor:} 15... a5 16. Ne4 Bh6 17. f3 a4 18. Bf2 Bf5 19. Nc3 axb3 20. axb3 Bg5 21. Ra1 Qc7 {½-½ (33) Gnilka,T (2350)-Bolz,J (2345) ICCF email 2018}) 16. Ne4 Bh6 17. f4 d5 {[%emt 0:06:30] [#] White must now prevent ...exf4.} (17... Qd7 $5 ) 18. Nd2 (18. Ng5 $5 ) 18... Qa5 19. Nf3 exf4 20. Bf2 Qc3 21. Nh4 Bd7 (21... f3 $11 22. Nxf3 Bg4) 22. Qe7 $14 Rf7 23. Qxc5 Qxc5 24. Bxc5 Bg5 25. Nf3 Bf6 26. Ne5 Bxe5 27. Rxe5 a6 28. Kf2 Re8 29. Rfe1 Rxe5 30. Rxe5 {[%emt 0:00:09][%mdl 4096] Endgame KRB-KRB} h6 31. h4 Bg4 32. Ke1 Kh7 33. Re7 Rxe7+ 34. Bxe7 $11 {[%emt 0:00:03] KB-KB} Kg6 35. Bd6 Kf5 36. Bf8 g5 37. Bxh6 gxh4 38. Bf8 f3 39. gxf3 Bxf3 40. Bd6 d4 41. b4 h3 42. Bh2 Kg4 43. a3 Bd5 44. Kf2 Ba2 45. Be5 Bb1 46. Bxd4 h2 (46... Bxc2 $15 47. Kg1 Bb1) 47. Kg2 {[%emt 0:00:06] The position is equal.} Bxc2 48. Kxh2 Kf3 49. Bc5 Bxd3 50. Kg1 Bb5 51. Bb6 {Weighted Error Value: White=0.06 (flawless) /Black=0.08 (flawless)} 1/2-1/2

[Event "FIDE WSTC-50-65 2022"]
[Site "Acqui Terme"]
[Date "2022.06.24"]
[Round "5.11"]
[White "Stebbings, Anthony J"]
[Black "Giffard, Nicolas"]
[Result "1-0"]
[ECO "E41"]
[WhiteElo "2297"]
[BlackElo "2236"]
[Annotator "NA RC"]
[PlyCount "65"]
[EventDate "2022.06.20"]
[EventType "team-tourn"]
[EventCountry "ITA"]
[SourceTitle "playchess.com"]
[Source "ChessBase"]
[SourceQuality "1"]
[TimeControl "40/5400+30:1800+30"]

1. d4 Nf6 2. c4 e6 3. Nc3 Bb4 4. e3 Bxc3+ 5. bxc3 c5 6. Bd3 Nc6 7. Nf3 d6 8. O-O e5 9. d5 Ne7 10. Nd2 Ng6 11. f4 exf4 12. exf4 O-O 13. Nf3 Re8 14. Bd2 Bg4 15. h3 Bxf3 16. Qxf3 Qc7 17. g4 b5 18. g5 Nd7 19. Kh2 Nb6 20. cxb5 c4 21. Bxg6 hxg6 22. Be3 Qb7 23. Rad1 Na4 24. Bd4 Qxb5 25. f5 gxf5 26. Qxf5 Re2+ 27. Kg3 Qe8 28. Rf4 Rb8 29. Rdf1 Rb7 30. Rh4 Rbb2 31. Qh7+ Kf8 32. Qxg7+ Ke7 33. Rh8 1-0

[Event "FIDE WSTC-50-65 2022"]
[Site "Acqui Terme"]
[Date "2022.06.24"]
[Round "5.12"]
[White "Berthelot, Yannick"]
[Black "Povah, Nigel E"]
[Result "1-0"]
[ECO "B48"]
[WhiteElo "2242"]
[BlackElo "2201"]
[Annotator "TA"]
[PlyCount "117"]
[EventDate "2022.06.20"]
[EventType "team-tourn"]
[EventCountry "ITA"]
[SourceTitle "playchess.com"]
[Source "ChessBase"]
[SourceQuality "1"]
[TimeControl "40/5400+30:1800+30"]

1. e4 c5 2. Nf3 Nc6 3. d4 cxd4 4. Nxd4 e6 5. Nc3 Qc7 6. Be3 a6 7. Qf3 {[%emt 0:01:00] 7.g4 is becoming the main line. B48: Sicilian: Taimanov: 5 Nc3 Qc7 6 Be3 a6 without Be2.} Nf6 8. O-O-O Nxd4 9. Bxd4 {[%emt 0:04:30] The position is equal.} e5 10. Qg3 d6 11. Be3 b5 {[%emt 0:07:30] [#]} 12. f3 $146 ({Predecessor:} 12. a3 Be6 13. Be2 Rb8 14. f4 b4 15. axb4 Rxb4 16. Rhf1 Qa5 17. Bd3 Rxb2 18. Kxb2 {1-0 (29) Aravindh,C (2641)-Panarin,M (2562) Chess.com INT 2020}) 12... b4 13. Nd5 Nxd5 14. exd5 ({Of course not} 14. Rxd5 Be6 15. Rd1 Rc8 $15) 14... Bf5 15. Bd3 {[%emt 0:01:00] Active counter play!} Bxd3 16. Rxd3 Rc8 17. Qf2 Be7 18. Kb1 O-O 19. Rb3 Qc4 20. Qd2 Rb8 21. c3 a5 22. Rc1 {[%emt 0:04:30] Strongly threatening cxb4.} bxc3 23. Rcxc3 Qf1+ 24. Rc1 Qa6 25. Qd3 $36 {[%emt 0:05:30][%mdl 2048] White fights for an advantage.} Qxd3+ 26. Rxd3 Rb7 27. Rcc3 Rfb8 28. Rb3 f5 {[%emt 0:04:01] [#]} 29. Ba7 $1 Rxb3 30. Rxb3 $14 {[%emt 0:00:05][%mdl 4096] Endgame KRB-KRB} Rc8 31. Rb8 Rxb8 32. Bxb8 $16 {[%emt 0:00:08] aiming for a4. KB-KB} Kf7 $2 (32... a4 $16 {was necessary.}) 33. a4 $1 $18 e4 34. f4 (34. Bc7 $18) 34... g5 (34... Ke8 $1 $14) 35. g3 (35. fxg5 $16 {Threatens to win with h4.} Bxg5 36. Bc7) 35... gxf4 $11 36. gxf4 Ke8 37. Bc7 Bd8 38. Bxd6 Bb6 (38... Be7 $11 39. Be5 Kd7) 39. Kc2 ({White must play} 39. b4 $1 $16) 39... Kd7 40. Be5 Bg1 {[%emt 0:00:00] [#]} (40... Bf2 $1 $11 {keeps the balance.}) 41. h3 $1 $16 Bc5 42. Bc3 Kd6 43. Bxa5 Kxd5 44. Bc7 $1 Bd6 $2 {[%emt 0:01:54][%mdl 8192] Black is now going downhill.} (44... Bf2 $14) 45. Bxd6 {[%emt 0:00:45] White mates.} Kxd6 {[%emt 0:00:32] KP-KP} 46. Kc3 Kc5 47. b4+ Kc6 48. Kc4 Kb6 49. b5 Ka5 50. Kb3 Kb6 51. Kb4 Kb7 52. a5 Kc7 53. b6+ Kc6 54. Kc4 Kd6 55. a6 Kc6 56. a7 ({Not} 56. b7 Kc7 57. Kd4 Kb8 $18) 56... Kb7 57. Kc5 e3 {[%emt 0:00:28] [#]} 58. Kd6 $1 e2 59. a8=Q+ $1 {[%emt 0:00:00] Weighted Error Value: White=0.17 (very precise) /Black=0.28 (precise)} 1-0

[Event "FIDE WSTC-50-65 2022"]
[Site "Acqui Terme"]
[Date "2022.06.24"]
[Round "5.13"]
[White "Watzka, Horst"]
[Black "Knaak, Rainer"]
[Result "0-1"]
[ECO "C77"]
[WhiteElo "2174"]
[BlackElo "2479"]
[Annotator "TA"]
[PlyCount "84"]
[EventDate "2022.06.20"]
[EventType "team-tourn"]
[EventCountry "ITA"]
[SourceTitle "playchess.com"]
[Source "ChessBase"]
[SourceQuality "1"]
[TimeControl "40/5400+30:1800+30"]

1. e4 e5 2. Nf3 Nc6 3. Bb5 a6 4. Ba4 Nf6 5. d3 d6 6. c3 g6 7. O-O Bg7 8. Re1 O-O 9. h3 Re8 {[%emt 0:00:30] C77: Ruy Lopez: 3...a6 4 Ba4 Nf6, unusual lines.} 10. Nbd2 h6 11. Nf1 b5 {[%emt 0:01:30] The position is equal.} 12. Bc2 d5 13. Ng3 dxe4 {[%emt 0:36:30] [#]} 14. dxe4 $146 ({Predecessor:} 14. Nxe4 Nxe4 15. dxe4 Qxd1 16. Rxd1 Be6 17. Bb3 Rad8 18. Rxd8 Rxd8 19. Be3 Bxb3 20. axb3 {½-½ (36) Marino,M (2140)-Garcia Rodriguez,I (2216) ICCF email 2015}) 14... Be6 15. Bb3 Qe7 16. Qe2 Na5 17. Bxe6 Qxe6 18. Be3 Bf8 19. Nd2 c5 20. a4 c4 21. axb5 axb5 22. Ra2 {[%emt 0:03:30] [#] Rea1 is the strong threat.} Nb7 23. Rea1 (23. Rxa8 $11 Rxa8 24. b3) 23... Rxa2 $15 24. Rxa2 Qc6 25. f3 Nc5 26. Ra1 Rd8 27. Rb1 Rd3 28. Kh2 Ne6 29. Ndf1 Kh7 30. Nh1 h5 31. Nf2 Rd7 32. h4 Nf4 33. Qc2 Be7 34. g3 Nd3 35. Nh3 (35. b3 $11) 35... Ne8 36. b3 Nd6 37. bxc4 (37. Nf2 $11) 37... Nxc4 38. Rd1 $1 Ndb2 {[%emt 0:00:50] 0x0.00086149d486dp-1022s more active pieces.} ({Black should try} 38... Ncb2 $17 39. Rb1 Nc4) 39. Rb1 (39. Rxd7 $1 $11 Qxd7 40. Nf2) 39... Na4 $36 {[%emt 0:00:13][%mdl 2048] White is under strong pressure.} (39... Nxe3 $19 40. Nxe3 Nc4 41. Nxc4 Qxc4) 40. Qb3 $17 Rb7 41. Rd1 {[%emt 0:02:55] [#]} (41. Bf2 $17) 41... Kg7 $1 $19 42. Rd3 $2 (42. Nf2) 42... b4 {[%emt 0:08:30] Weighted Error Value: White=0.32/Black=0.13 (very precise)} 0-1

[Event "FIDE WSTC-50-65 2022"]
[Site "Acqui Terme"]
[Date "2022.06.24"]
[Round "5.14"]
[White "Chevelevitch, Evgueni"]
[Black "Dohr, Alexander"]
[Result "1-0"]
[ECO "B12"]
[WhiteElo "2369"]
[BlackElo "2139"]
[Annotator "TA"]
[PlyCount "26"]
[EventDate "2022.06.20"]
[EventType "team-tourn"]
[EventCountry "ITA"]
[SourceTitle "playchess.com"]
[Source "ChessBase"]
[SourceQuality "1"]
[TimeControl "40/5400+30:1800+30"]

1. e4 c6 2. d4 d5 3. e5 Bf5 4. h4 h6 5. g4 Bd7 6. Nc3 {[%emt 0:07:30] B12: Caro-Kann: Advance Variation.} e6 7. Be3 h5 8. gxh5 {[%emt 0:00:30] [#] White is slightly better.} Be7 $146 ({Black should play} 8... Qc7 $14) ({Predecessor:} 8... Ne7 9. Nf3 Nf5 10. Bg5 Qb6 11. Na4 Qa5+ 12. c3 Na6 13. a3 Rxh5 14. b4 Qc7 {1-0 (40) Shankland,S (2709)-Jobava,B (2603) Krasnaya Polyana 2021}) 9. Qg4 $16 {[%emt 0:02:30] White is more active.} Kf8 (9... Bf8 $16) 10. Nf3 $18 {[%emt 0:00:30] [#] Threatens to win with Rg1.} Nh6 11. Bxh6 Rxh6 (11... gxh6 {might work better.} 12. Rg1 Ke8) 12. Rg1 g6 13. Bd3 Ke8 {[%emt 0:09:30] Black did not feel at home in the position after the opening.  Weighted Error Value: White=0.02 (flawless) /Black=0.64} (13... Kg7 $142 14. Ne2 Na6) 1-0

[Event "FIDE WSTC-50-65 2022"]
[Site "Acqui Terme"]
[Date "2022.06.24"]
[Round "5.15"]
[White "Kratschmer, Heinz"]
[Black "Kiefer, Gerhard"]
[Result "0-1"]
[ECO "D00"]
[WhiteElo "2062"]
[BlackElo "2224"]
[Annotator "NA RC"]
[PlyCount "76"]
[EventDate "2022.06.20"]
[EventType "team-tourn"]
[EventCountry "ITA"]
[SourceTitle "playchess.com"]
[Source "ChessBase"]
[SourceQuality "1"]
[TimeControl "40/5400+30:1800+30"]

1. d4 Nf6 2. Nf3 g6 3. Nc3 d5 4. Bf4 Bg7 5. Nb5 Na6 6. e3 O-O 7. Be2 c6 8. Nc3 Nc7 9. Ne5 Ne6 10. Bg3 c5 11. Qd2 cxd4 12. exd4 h5 13. f3 Qb6 14. O-O-O Qa5 15. Kb1 Nd7 16. f4 Nxe5 17. fxe5 Kh7 18. Bf2 Bh6 19. Be3 Bxe3 20. Qxe3 Ng7 21. h3 b5 22. Bf3 b4 23. Nxd5 Be6 24. c4 bxc3 25. Nxc3 Rab8 26. d5 Rfc8 27. Ka1 Rxb2 28. Kxb2 Qb4+ 29. Ka1 Rxc3 30. Rd3 Rc2 31. Rb3 Qa4 32. Ra3 Qc4 33. dxe6 Nf5 34. Qd3 Qc5 35. exf7 Qxe5+ 36. Rc3 Rxc3 37. Qxc3 Qxc3+ 38. Kb1 Kg7 0-1

[Event "FIDE WSTC-50-65 2022"]
[Site "Acqui Terme"]
[Date "2022.06.24"]
[Round "5.16"]
[White "Kierzek, Matthias"]
[Black "Pitzl, Konstantinos"]
[Result "1-0"]
[ECO "B08"]
[WhiteElo "2224"]
[BlackElo "2030"]
[Annotator "TA"]
[PlyCount "109"]
[EventDate "2022.06.20"]
[EventType "team-tourn"]
[EventCountry "ITA"]
[SourceTitle "playchess.com"]
[Source "ChessBase"]
[SourceQuality "1"]
[TimeControl "40/5400+30:1800+30"]

1. d4 d6 2. e4 Nf6 3. Nc3 g6 4. Be3 Bg7 5. Qd2 c6 6. Nf3 Qa5 7. h3 O-O 8. Bd3 Nbd7 9. O-O {[%emt 0:03:30][%cal Oc3d5] B08: Pirc Defence: Classical System.} Qc7 10. Ne2 b5 {[%emt 0:15:30] [#]} (10... e5 $11) 11. c3 $146 {[%emt 0:03:30] White is slightly better.} ({Predecessor:} 11. Bh6 c5 12. Bxg7 Kxg7 13. c3 e5 14. Ng3 Rb8 15. Qg5 Ng8 16. dxe5 Nxe5 17. Nxe5 dxe5 {½-½ (41) Bunyatov,R (2254)-Froewis,G (2452) Krakow 2016}) 11... Bb7 12. Ng3 (12. Bh6 {is more complex.} c5 13. Ng3 a6 14. Bxg7 Kxg7 15. Rfe1) 12... e5 13. Rfe1 (13. Bh6 {looks sharper.} a6 14. Rfe1 c5 15. Bxg7 Kxg7 16. a4) 13... Rfe8 14. Rac1 c5 {[%emt 0:12:30] White leaves nothing to chance now.} (14... Nb6 $14) 15. dxe5 $16 dxe5 16. Bxb5 Rad8 17. Qc2 {[%emt 0:03:30] White is more active.} Qa5 18. Bf1 Qxa2 (18... Qc7 $16 19. b3 Ra8) 19. Ra1 Qe6 20. Rxa7 Qc6 {[%emt 0:00:00] [#]} (20... Rb8 {was called for.} 21. Rea1 Rf8) 21. Nd2 (21. Qb3 $142) 21... Qb6 22. Rea1 {[%emt 0:00:30] And now Nc4 would win.} Ra8 23. Rxa8 Rxa8 24. Rxa8+ Bxa8 25. Bc4 Qb8 (25... Bc6 $142 26. b4 Qb8) 26. Qa4 $18 Qb7 27. Qb5 h5 (27... Qb6 $142 28. Qa4 Qb7) 28. Qxb7 Bxb7 29. f3 Bf8 {[%emt 0:00:00] [#]} 30. Nb3 $1 Nb6 31. Bb5 Nfd7 32. Nf1 f5 33. Nfd2 Kg7 34. exf5 gxf5 35. Nc4 Bd5 $2 (35... Nxc4 $16 36. Bxc4 Kf6) 36. Nxb6 Nxb6 37. Bxc5 Bxc5+ 38. Nxc5 Bc4 (38... Bf7 $142 39. Nd7 Nxd7) 39. Bxc4 Nxc4 {[%emt 0:00:09][%mdl 4096] Endgame KN-KN} 40. b4 Kf7 41. Kf2 h4 42. Ke2 Ke7 43. Kd3 Nb2+ 44. Ke2 Nc4 $1 45. Nb3 Ke6 46. Na5 Nb2 47. c4 Na4 48. Kd3 Nb6 49. Nb3 Nd7 50. Nc5+ {[%emt 0:13:00] White mates.} Nxc5+ 51. bxc5 Kd7 52. g3 hxg3 53. Ke2 e4 54. fxe4 fxe4 55. h4 {[%emt 0:00:29] Weighted Error Value: White=0.32/Black=0.41} 1-0

[Event "FIDE WSTC-50-65 2022"]
[Site "Acqui Terme"]
[Date "2022.06.26"]
[Round "6.1"]
[White "Adams, Michael"]
[Black "David, Alberto"]
[Result "1-0"]
[ECO "B80"]
[WhiteElo "2698"]
[BlackElo "2520"]
[Annotator "TA"]
[PlyCount "133"]
[EventDate "2022.06.20"]
[EventType "team-tourn"]
[EventCountry "ITA"]
[SourceTitle "playchess.com"]
[Source "ChessBase"]
[SourceQuality "1"]
[TimeControl "40/5400+30:1800+30"]

1. e4 c5 2. Nf3 e6 3. d4 cxd4 4. Nxd4 Nf6 5. Nc3 d6 6. g3 Nc6 7. Bg2 Bd7 8. O-O a6 9. Nxc6 {[%emt 0:03:30] 9.b3 is setting a new trend.} Bxc6 10. Bf4 {[%emt 0:01:30][%cal Bc1f4,Bf4e3,Be3b6][%mdl 32] [#] B80: Sicilian Scheveningen: 6 g3 and 6 Be3, including English Attack.} Rc8 $146 {[%emt 0:11:30] [#]} ({Predecessor:} 10... Qc7 11. Qd2 Be7 12. Rfd1 Rd8 13. a4 O-O 14. a5 Rfe8 15. h3 Qc8 16. Be3 d5 17. Bb6 d4 {½-½ (47) Istratescu,A (2650)-Laznicka,V (2701) Rogaska Slatina 2011}) 11. Nd5 $1 Bxd5 (11... h5 12. Re1) 12. exd5 {[%emt 0:00:30] White has an edge.} e5 13. Be3 Be7 14. c4 O-O 15. Qb3 Ng4 16. Bb6 Qd7 17. Rac1 Kh8 18. Bh3 {[%emt 0:08:30] This bishop pair is nice.} f5 19. Bxg4 fxg4 20. Rc3 {[%emt 0:00:00] Inhibits Rf3.} Bd8 21. c5 (21. Be3 {is more complex.} h6 22. Rfc1 Bg5 23. Bxg5 hxg5 24. c5) 21... Bxb6 22. Qxb6 dxc5 23. Rxc5 Rxc5 24. Qxc5 $11 {[%emt 0:00:30][%cal Rc5f8][%mdl 4096] Endgame KQR-KQR} Rc8 25. Qb4 Qxd5 26. Qxg4 Rd8 27. Rc1 h6 28. b3 (28. Rc7 {keeps more tension.} Qd1+ 29. Qxd1 Rxd1+ 30. Kg2) 28... e4 29. Re1 Re8 $1 30. Qe2 e3 31. fxe3 Qe4 32. Qg2 Qb4 33. Qf2 Rf8 34. Qe2 Qe4 35. Rd1 (35. Qc4 $5 Qg6 36. Rd1 $14 (36. Rf1 Re8 $14)) 35... Rf3 36. Re1 Rf5 37. Rc1 Rf3 (37... b5 $11) 38. Rc3 Kh7 (38... Rf8 $14) 39. Qd3 $16 Qxd3 40. Rxd3 {[%emt 0:00:00] KR-KR} Rf6 41. Kg2 Rc6 42. Rd2 {[%emt 0:02:30] Inhibits Rc2.} Kg6 43. Kf3 Kf6 (43... b5 $16 44. Kf4 Kf6) 44. h4 Ke6 45. h5 Rc5 46. g4 Rc1 47. Rg2 Ke5 48. Rd2 Ke6 {[%emt 0:00:35] Inhibits Rd7.} 49. Rd4 b5 50. a4 {[%emt 0:03:27] Rb4 is the strong threat.} Rc3 $2 {[%emt 0:00:14][%mdl 8192] Loses the game.} (50... Rb1 $16) 51. Rb4 $18 Rc5 52. axb5 axb5 53. Re4+ Kf6 54. b4 Rc1 {[%emt 0:02:35] [#]} 55. Rf4+ $1 Ke6 56. Rf5 Rf1+ 57. Ke4 Rg1 58. Rxb5 {[%emt 0:00:19] Threatens to win with Rb6+.} Rxg4+ 59. Kd3 Rh4 $2 {[%emt 0:01:21] [#]} (59... Rg1 {is a better defense.} 60. Kd4 Rb1) 60. e4 $1 {[%emt 0:00:54] Strongly threatening Rd5. White is clearly winning.} Rh1 61. Rd5 {[%emt 0:01:03] Hoping for b5.} Rd1+ 62. Kc4 Re1 63. Kd4 Rd1+ 64. Kc5 Rc1+ 65. Kb6 Rc4 66. b5 Rxe4 67. Kc6 {[%emt 0:01:03] Weighted Error Value: White=0.09 (flawless) /Black=0.29 (precise)} 1-0

[Event "FIDE WSTC-50-65 2022"]
[Site "Acqui Terme"]
[Date "2022.06.26"]
[Round "6.2"]
[White "Godena, Michele"]
[Black "Short, Nigel D"]
[Result "1-0"]
[ECO "B15"]
[WhiteElo "2478"]
[BlackElo "2622"]
[Annotator "TA"]
[PlyCount "129"]
[EventDate "2022.06.20"]
[EventType "team-tourn"]
[EventCountry "ITA"]
[SourceTitle "playchess.com"]
[Source "ChessBase"]
[SourceQuality "1"]
[TimeControl "40/5400+30:1800+30"]

1. e4 c6 2. d4 d5 3. Nd2 dxe4 4. Nxe4 Nf6 5. Nxf6+ exf6 6. c3 Bd6 7. Bd3 O-O 8. Ne2 Re8 9. O-O {[%emt 0:01:30] B15: Caro-Kann: 3 Nc3: 3...g6 and 3...dxe4 4 Nxe4 Nf6 5 Nxf6+ exf6.} Qc7 10. Ng3 Nd7 11. Nf5 {[%emt 0:04:30][%cal Of5g7] The position is equal.} Nf8 12. Nxd6 Qxd6 13. Qf3 Ng6 14. Bd2 Be6 15. Rfe1 {[%emt 0:13:30] [#]} a5 $146 ({Predecessor:} 15... Rad8 16. Bf1 Qc7 17. Qg3 Qa5 18. a4 h5 19. h3 Qd5 20. b4 h4 21. Qe3 Re7 {1-0 (37) Mastrovasilis,D (2627)-Dreev,A (2623) Warsaw 2021}) 16. a4 b6 17. Qg3 Qxg3 18. hxg3 Rad8 19. Be3 Ne7 20. c4 g5 21. d5 $1 cxd5 22. Bxb6 Ra8 23. c5 Nc6 24. Bb5 {[%emt 0:00:32] A strong pair of Bishops.} Rec8 25. Bxc6 Rxc6 26. b4 (26. Red1 $16) 26... axb4 $14 27. Reb1 Kf8 28. a5 Ra6 ({Black should play} 28... Bc8 $14) 29. Rxb4 $16 Ke7 30. f3 Kd7 31. Kf2 Rc8 32. Rh1 Rh8 33. Rh6 f5 34. Ke3 {[%emt 0:01:27] White is more active.} Kc6 35. Rb1 Raa8 36. Kd4 g4 37. f4 Ra6 (37... Rhb8 $16 {is a better defense.}) 38. Re1 Raa8 $2 (38... Re8 39. Rxh7 Raa8) 39. Kc3 (39. Rexe6+ $142 fxe6 40. Rxe6+ Kb7 41. Kxd5) 39... Kb5 40. Rb1+ $1 Kc6 41. Ra1 Kb5 42. Kd4 Ra6 (42... Rhc8 $16 43. Rhh1 (43. Rxh7 Ra6 $18) 43... Ra6 44. Rxh7 Kc6) 43. Ke5 $1 $18 Kc6 {[%emt 0:00:30] [#]} (43... Rc8 {keeps fighting.} 44. Rxh7 Kc6) 44. Rd1 $1 {[%emt 0:02:07] Threatens to win with Rxd5.} Kb7 $2 (44... Kb5 45. Rd2 Rha8) 45. Rxd5 Bxd5 46. Kxd5 {[%emt 0:00:02][%mdl 4096] Endgame KRR-KRB} Raa8 47. c6+ Ka6 48. c7 Kb7 49. Rd6 h5 50. Rd8 {[%emt 0:01:13] Kc5 is the strong threat.} Rc8 51. Kd6 f6 52. Ke6 Rf8 53. Kxf5 Re8 54. Kxf6 (54. Rxe8 $142 Rxe8 55. Kxf6 h4 56. gxh4 g3 57. h5 Re1 58. a6+ Kc8 59. a7) 54... Re2 55. a6+ {[%emt 0:02:22] White mates.} Kxa6 56. Rxc8 Kxb6 {[%emt 0:00:30] KR-KR} 57. Rh8 Kxc7 58. Rxh5 Rxg2 59. f5 Rxg3 {[%emt 0:00:00] [#]} 60. Kg7 $1 Kd7 61. f6 Rf3 62. f7 Ke6 63. f8=Q Rxf8 64. Kxf8 Kf6 65. Ra5 {[%emt 0:00:30] Weighted Error Value: White=0.09 (flawless) /Black=0.44} 1-0

[Event "FIDE WSTC-50-65 2022"]
[Site "Acqui Terme"]
[Date "2022.06.26"]
[Round "6.3"]
[White "Hebden, Mark L"]
[Black "Garcia Palermo, Carlos Horacio"]
[Result "1-0"]
[ECO "E14"]
[WhiteElo "2452"]
[BlackElo "2415"]
[Annotator "TA"]
[PlyCount "91"]
[EventDate "2022.06.20"]
[EventType "team-tourn"]
[EventCountry "ITA"]
[SourceTitle "playchess.com"]
[Source "ChessBase"]
[SourceQuality "1"]
[TimeControl "40/5400+30:1800+30"]

1. d4 Nf6 2. Nf3 e6 3. e3 b6 4. Bd3 Bb7 5. O-O c5 6. c4 cxd4 7. exd4 Be7 8. Nc3 d6 9. d5 e5 10. Nh4 {[%emt 0:05:30] E14: Queen's Indian: Classical Variation (4 e3).} g6 {[%emt 0:02:30] Prevents Nf5.} ({Black should try} 10... Nxd5 $1 $14 11. Nxd5 Bxh4) 11. Bh6 $16 Nbd7 12. f4 $1 {[%emt 0:03:30] White is clearly better.} a6 13. Qe2 Qc7 14. fxe5 dxe5 {[%emt 0:00:30] [#]} 15. Rae1 $146 {[%emt 0:06:30] White is much more active. The black rooks are badly placed.} ({Predecessor:} 15. Ne4 Nxe4 16. Bxe4 Qc5+ 17. Be3 Qd6 18. Nf3 f5 19. Bc2 O-O 20. Rae1 Rac8 21. Kh1 {0-1 (59) Dobrovoljc,V (2303)-Morozov,N (2458) Rymanow Zdroj 2017}) 15... O-O-O 16. Nf3 (16. Bg5 $16) 16... Ng4 $1 $11 17. Bg5 Qc5+ (17... f6 $1 $11 {remains equal.} 18. Bh4 Ne3) 18. Kh1 $16 f5 {[%emt 0:00:14] Against Ne4} 19. h3 h5 20. Na4 $36 {[%emt 0:01:30][%mdl 2048] White is on the roll.} Qd6 21. c5 (21. Bxe7 $6 Qxe7 22. c5 (22. hxg4 $2 hxg4+ 23. Kg1 gxf3 $19) 22... Nxc5 23. Nxc5 (23. Nxb6+ $2 Kb8 $19) 23... bxc5 $14) 21... Nxc5 22. Nxc5 Bxg5 $2 (22... bxc5 $14 23. Bxe7 Qxe7) 23. Nxb7 $18 {[%emt 0:01:30] Dancing on a razor blade.} (23. Nxg5 e4 24. g3 bxc5 $17) (23. Nxa6 Bxd5 $1 24. Nxg5 (24. Qc2+ Kb7 $17) 24... e4 25. Qc2+ Kb7 26. Qc7+ Qxc7 27. Nxc7 Kxc7 28. Bxe4 fxe4 $17) 23... Kxb7 24. Bxa6+ ({Don't go for} 24. hxg4 $2 hxg4+ 25. Kg1 (25. Nh2 $2 g3 $19) 25... gxf3 26. Bxa6+ Ka7 27. gxf3 e4 $19) 24... Ka7 {[%emt 0:02:36][%cal Oe5e4] Hoping for ...e4!} 25. Nxg5 {[%emt 0:00:32] Black must now prevent Nf7.} e4 26. g3 $1 ({And not} 26. hxg4 hxg4+ 27. Kg1 Qh2+ 28. Kf2 Qf4+ 29. Kg1 Qh2+ 30. Kf2 Qf4+ 31. Kg1 Qh2+ $11) 26... Qxg3 {[%emt 0:01:01][%cal Od8d5] [#]} 27. Bc4 e3 {[%emt 0:05:03][%mdl 8192] Against Qd2} 28. Qg2 Qh4 29. Nf3 Nf2+ {[%emt 0:00:09] [#]} 30. Rxf2 $1 exf2 31. Rc1 Qf4 32. Rc2 (32. Rc3 $18) 32... Rhe8 {[%emt 0:01:34] And now ...Re1+ would win.} (32... Rc8 $5 33. b3 b5 $11) 33. Qxf2 {[%emt 0:00:30] aiming for Rc3.} Re3 {[%emt 0:00:14] [#]} (33... Rc8 $1 $11 {keeps the balance.} 34. Bd3 Rxc2 35. Bxc2 g5) 34. Ng1 $1 $16 Qe4+ 35. Qg2 Rc8 36. Qxe4 fxe4 (36... Rxe4 $16 37. Bd3 Rxc2 38. Bxc2 Rd4) 37. d6 $18 Rd8 38. Rd2 g5 39. Kg2 h4 40. Ne2 {[%emt 0:00:00] Threatens to win with Nd4.} Rf3 (40... Kb7 $142 41. d7 Rf3) 41. Nd4 {[%emt 0:04:08] Strongly threatening Nc6+.} Rg3+ 42. Kh2 {[%emt 0:00:00] Threatening mate with Nc6+.} e3 43. Re2 {[%emt 0:03:00] White wants to mate with Nc6+.} b5 (43... Kb7 $18 44. Nf5 g4 45. Nxg3 hxg3+ 46. Kxg3 gxh3 47. Rxe3 Rxd6 48. Kxh3 Rd4) 44. Nc6+ Kb6 45. Nxd8 {[%emt 0:00:30][%cal Od6d7] d7! would kill now.} bxc4 46. Nf7 {[%emt 0:00:00] Weighted Error Value: White=0.29 (precise) /Black=0.69} 1-0